Unix NetHack Version 5.0.0-0 post-release - last build May 10 2026 23:12:36 (d1fa5d53e341ca933230fdaa984d921c805b60aa,branch:main).

Game began 2026-05-15 13:26:15, ended 2026-05-16 04:53:54.

Galadhan1, lawful female human Valkyrie

 ------
 |...>|
 |.....########      --------
 |....|              .......|
 -|----             ........-
  ####            @G........|
     #            #  .......|
     #            #  --------
     #           ##
  ---.-------  ###
  |..........###
  |.........|
  |.........|
  |........<-
  |.........|
  |.........|
  -----------

Galadhan1 the Skirmisher    St:16 Dx:11 Co:18 In:7 Wi:8 Ch:11  Lawful
Dlvl:5  $:106 HP:0(39) Pw:8(8) AC:2  Xp:4 T:1922 

Latest messages:
 You descend the stairs.
 In what direction? k
 This door is locked.
 In what direction? k
 Whammm!!
 In what direction? k
 As you kick the door, it crashes open!
 You hear a door open.
 That door is closed.
 The door opens.
 The gecko misses!
 You miss the gecko.
 You miss the gecko.
 You kill the gecko!
 $ - 3 gold pieces (106 in total).
 x - a key.
 You hear a door open.
 You swap places with your kitten.
 You miss the cave spider.
 The cave spider bites!
 You miss the cave spider.
 The cave spider misses!
 You kill the cave spider!
 The gnome lord wields 5 daggers!
 You miss the gnome lord.
 The gnome lord thrusts one of his daggers.
 The gnome lord hits!
 You hit the gnome lord!
 The gnome lord thrusts one of his daggers.
 The gnome lord hits!
 You miss the gnome lord.
 The gnome lord thrusts one of his daggers.
 The gnome lord hits!
 You miss the gnome lord.
 You miss the gnome lord.
 You miss the gnome lord.
 The gnome lord thrusts one of his daggers.
 The gnome lord hits!
 You hit the gnome lord.
 The gnome lord thrusts one of his daggers.
 The gnome lord hits!
 You hit the gnome lord.
 The gnome lord thrusts one of his daggers.
 The gnome lord hits!
 You die...
 Do you want your possessions identified? [ynq] (y) y
 Do you want to see your attributes? [ynq] (y) y
 Do you want an account of creatures vanquished? [ynaq] (y) n
 Do you want to see your conduct and achievements? [ynq] (y) n
 Do you want to see the dungeon overview? [ynq] (y) n

Inventory:
 Coins    ('$')
  $ - 106 gold pieces
 Weapons  (')')
  b - a +0 dagger (at the ready)
  a - a +1 spear (weapon in right hand)
 Armor    ('[')
  u - an uncursed +0 orcish helm (being worn)
  c - an uncursed +3 small shield (being worn)
  o - an uncursed +0 cloak of protection (being worn)
 Comestibles  ('%')
  q - an uncursed cram ration
  g - a cursed cram ration
  d - an uncursed food ration
  k - an uncursed lichen corpse
 Scrolls  ('?')
  w - a blessed scroll of blank paper
  v - 3 uncursed scrolls of blank paper
  t - an uncursed scroll of create monster
  r - 2 uncursed scrolls of identify
  f - a cursed scroll of identify named Indentify (cursed)
 Potions  ('!')
  l - an uncursed potion of full healing
  m - 2 uncursed potions of healing
  p - an uncursed potion of water
 Wands    ('/')
  h - a wand of digging (0:4)
 Tools    ('(')
  s - an uncursed oilskin sack named b/u containing 1 item
  x - an uncursed skeleton key
 Gems/Stones  ('*')
  i - an uncursed agate stone
  e - an uncursed worthless piece of yellowish brown glass

Contents of the oilskin sack named b/u:
  a blessed +0 Hawaiian shirt with a ukulele motif

Galadhan1 the Valkyrie's attributes:

Background:
 You were a Skirmisher, a level 4 human Valkyrie.
 You were lawful, nominally on a mission for Tyr
 who was opposed by Odin (neutral) and Loki (chaotic).
 You were right-handed.
 You were in the Dungeons of Doom, on level 5.
 You entered the dungeon 1922 turns ago.
 It was nighttime.
 There was a new moon in effect when your adventure ended.
 You had 140 experience points, 20 more were needed to attain level 5.

Basics:
 You had 0 out of 39 hit points.
 You had all 8 energy points (spell power).
 Your armor class was 2.
 Your wallet contained 106 zorkmids.
 Autopickup was off.

Final Characteristics:
 Your strength was 16 (peak:18/02, limit:18/100).
 Your dexterity was 11 (limit:18).
 Your constitution was 18 (limit:18).
 Your intelligence was 7 (limit:18).
 Your wisdom was 8 (limit:18).
 Your charisma was 11 (limit:18).

Final Status:
 You weren't hungry.
 You were unencumbered.
 You were wielding a spear.
 You had basic skill with spear.

Final Attributes:
 You were devoutly aligned.
 You were cold resistant.
 You were stealthy.
 You were protected.
 You are dead.

Miscellaneous:
 You didn't encounter any bones levels.
 Total elapsed playing time was 52 minutes and 24 seconds.

Major events:
 Turn
    1: Galadhan1 the lawful human Valkyrie entered the dungeon
 1240: attained the rank of Skirmisher (level 3)
 1922: killed by a gnome lord

You didn't know any spells.

Skills:
 Fighting Skills
   bare handed combat [Unskilled]
   two weapon combat  [Unskilled]
   riding             [Unskilled]
 Weapon Skills
   dagger             [Basic]
   axe                [Unskilled]
   pick-axe           [Unskilled]
   short sword        [Unskilled]
   broadsword         [Unskilled]
   long sword         [Unskilled]
   two-handed sword   [Unskilled]
   saber              [Unskilled]
   hammer             [Unskilled]
   quarterstaff       [Unskilled]
   polearms           [Unskilled]
   spear              [Basic]
   trident            [Unskilled]
   lance              [Unskilled]
   sling              [Unskilled]
 Spellcasting Skills
   attack spells      [Unskilled]
   escape spells      [Unskilled]

Voluntary challenges:
 Character rerolling was not enabled.
 You were an atheist.
 You never genocided any monsters.
 You never polymorphed an object.
 You never changed form.
 You used no wishes.
Achievements:
 You attained the rank of Skirmisher.
 You entered a shop.

 The Dungeons of Doom: levels 1 to 5
    Level 1:
       A fountain.
    Level 2:
       Some fountains.
    Level 3:
       A sink.
    Level 4:
       A general store.
    Level 5: <- You were here.
       Final resting place for
          you, killed by a gnome lord.


Vanquished creatures:
  a small mimic
  a gnome leader
  2 elf zombies
  a paper golem
  a homunculus
  a werejackal
  a hobgoblin
  a cave spider
  a gnome
  2 geckos
  8 jackals
  a kobold
  a goblin
  2 sewer rats
  4 grid bugs
  3 lichens
  5 newts
36 creatures vanquished.

No species were genocided or became extinct.

Game over:
                       ----------
                      /          \
                     /    REST    \
                    /      IN      \
                   /     PEACE      \
                  /                  \
                  |    Galadhan1     |
                  |      106 Au      |
                  |   killed by a    |
                  |    gnome lord    |
                  |                  |
                  |                  |
                  |       2026       |
                 *|     *  *  *      | *
        _________)/\\_//(\/(/\)/\//\/|_)_______

Farvel Galadhan1 the Valkyrie...

You died in The Dungeons of Doom on dungeon level 5 with 876 points,
and 106 pieces of gold, after 1922 moves.
You were level 4 with a maximum of 39 hit points when you died.

